 Dungeon Crawl Stone Soup version 0.22-a0-448-g1fb7470005 (webtiles) character file.

6149 mihairusu the Cleaver (level 10, -2/136 HPs)
             Began as a Hill Orc Berserker on June 4, 2018.
             Was an Elder of Trog.
             Slain by an unseen horror (3 damage)
             ... on level 9 of the Dungeon.
             The game lasted 01:18:31 (10497 turns).

mihairusu the Cleaver (Hill Orc Berserker)         Turns: 10497, Time: 01:18:32

Health: -2/136     AC: 16    Str: 28    XL:     10   Next: 90%
Magic:  10/10      EV: 11    Int:  7    God:    Trog [****..]
Gold:   351        SH:  0    Dex: 11    Spells: 9/9 levels left

rFire    + . .     SeeInvis .   j - +0 scimitar (flame)
rCold    . . .     Gourm    .   (no shield)
rNeg     . . .     Faith    .   v - +1 chain mail
rPois    .         Spirit   .   E - +2 hat
rElec    .         Reflect  .   s - +0 cloak
rCorr    .         Harm     .   m - +0 pair of gloves
MR       .....                  (no boots)
Stlth    ..........             x - amulet of rage
HPRegen  0.32/turn              n - +5 ring of slaying
MPRegen  0.12/turn              K - ring of protection from fire

@: berserking, very quick
A: no striking features
a: Berserk, Trog's Hand, Brothers in Arms, Renounce Religion, Evoke Berserk Rage


You were on level 9 of the Dungeon.
You worshipped Trog.
Trog was greatly pleased with you.
You were not hungry.

You visited 2 branches of the dungeon, and saw 10 of its levels.

You collected 399 gold pieces.
You spent 48 gold pieces at shops.

Inventory:

Hand Weapons
 a - a +5 hand axe
 j - a +0 scimitar of flaming (weapon)
 o - a +0 hunting sling
 w - a +0 war axe
 z - a +0 blowgun
 A - a +0 short sword
Missiles
 f - 247 stones
 p - 18 bolts
 y - 2 poisoned tomahawks
 B - 43 poisoned needles
 H - a javelin of penetration (quivered)
 J - 6 poisoned javelins
Armour
 b - a +1 animal skin
 i - a +0 ring mail
 l - a +0 leather armour
 m - a +0 pair of gloves (worn)
 s - a +0 cloak (worn)
 v - a +1 chain mail (worn)
 E - a +2 hat (worn)
Jewellery
 n - a +5 ring of slaying (left hand)
 q - an uncursed amulet of harm
 x - an amulet of rage (around neck)
 G - an uncursed ring of wizardry
 K - a ring of protection from fire (right hand)
Wands
 I - a wand of iceblast (10)
 L - a wand of random effects (33)
Scrolls
 h - 8 scrolls of teleportation
 k - 5 scrolls of remove curse
Potions
 d - 3 potions of haste
 e - a potion of flight
 g - a potion of agility
 r - 2 potions of brilliance
 t - a potion of resistance {unknown}
 u - 2 potions of curing
 C - a potion of lignification {unknown}
 F - 2 potions of berserk rage {unknown}
 M - a potion of ambrosia {unknown}
Comestibles
 c - 8 rations


   Skills:
 + Level 9.1 Fighting
 * Level 0.0 Long Blades
 - Level 12.5 Axes
 + Level 5.6 Throwing
 + Level 7.2 Armour
 + Level 5.7 Dodging


You had 9 spell levels left.
You didn't know any spells.
Your spell library contained the following spells:

 Spells                   Type           Power        Failure   Level  Hunger
 Fireball                 Conj/Fire      #.........   100%        5    ######.
 Conjure Flame            Conj/Fire      #.......     100%        3    ####...
 Throw Flame              Conj/Fire      #.....       98%         2    ###....
 Sticky Flame             Conj/Fire      #.......     100%        4    #####..
 Stone Arrow              Conj/Erth      #.....       100%        3    ####...
 Spider Form              Tmut/Pois      #.........   100%        3    ####...
 Blade Hands              Tmut           #.........   100%        5    ######.
 Ice Form                 Ice/Tmut       #.......     100%        4    #####..
 Flame Tongue             Conj/Fire      #....        92%         1    ##.....
 Passwall                 Tmut/Erth      #.......     98%         2    ###....
 Sticks to Snakes         Tmut           #.......     98%         2    ###....
 Lee's Rapid Deconstruct  Erth           #.........   100%        5    ######.
 Sandblast                Erth           #.....       92%         1    ##.....
 Petrify                  Tmut/Erth      #.......     100%        4    #####..
 Inner Flame              Hex/Fire       #.......     100%        3    ####...
 Beastly Appendage        Tmut           #.....       92%         1    ##.....


Dungeon Overview and Level Annotations

Branches:
Dungeon (9/15)             Temple (1/1) D:6
   Lair: D:8-11         Orc: D:9-12

Altars:
Ashenzari
Qazlal
Ru
Wu Jian
Zin
The Shining One

Shops:
D:5 ?   D:6 =*

Annotations:
D:5 2 runed doors


Message History

* * * LOW HITPOINT WARNING * * *
The orc hits you but does no damage.
The orc warrior hits you with a long sword.
* * * LOW HITPOINT WARNING * * *
You closely miss the orc warrior.
The orc warrior is almost dead.
Something hits you but does no damage. Something hits you.
* * * LOW HITPOINT WARNING * * *
The orc hits you but does no damage. The orc warrior barely misses you.
A red film seems to cover your vision as you go berserk!
You feel yourself moving faster!
You feel mighty!
You feel a lot more hungry. Something hits you but does no damage.
Something hits you.
* * * LOW HITPOINT WARNING * * *
The orc hits you with a dagger.
* * * LOW HITPOINT WARNING * * *
The orc warrior hits you but does no damage.
You closely miss the orc warrior.
The orc warrior is severely wounded.
Something hits you.
You die...

. .. .....#..# # . #.#.
#.#.##..######.#
...#.#.##.#.##..#.......
>......(............##.#
.#.###(.#.#.##..........
.#.###.(#.#.##.##.##.#..
........................
.#.####o#.#.##.##.##..##
#..o@..#.##.##.###.##
#.##.#.#.##.##......( ..
##.#.#.##.######..# ...
#.................# .#
####......#######..
#.#.#### #..
.######.#.###########.
########
....................:.
..<[...#
######.#.#.......$###


You could see an orc warrior and an orc.

Vanquished Creatures
  Erica (D:9)
  Pikel (D:6)
  Grinder (D:4)
  A shadow (D:5)
  The ghost of HANFGEIST the Magician, an amateur DEWz (D:6)
  Menkaure (D:4)
  4 soldier ants (D:8)
  Purgy (D:3)
  2 orc warriors (D:6)
  2 slaves (D:6)
  An ice beast (D:7)
  A black bear (D:7)
  6 ogres
  A phantom (D:5)
  5 sky beasts
  5 centaurs
  A crocodile (D:7)
  Blork the orc (D:6)
  5 bullfrogs
  3 scorpions
  A killer bee (D:8)
  A howler monkey (D:5)
  2 crimson imps (D:6)
  2 bullfrog zombies
  2 hounds
  A jelly (D:5)
  2 orc priests
  3 iguanas
  A centaur skeleton (D:5)
  Jessica (D:2)
  20 worker ants
  3 orc wizards
  A howler monkey skeleton (D:6)
  A worker ant zombie (D:6)
  4 gnolls (D:2)
  16 adders
  3 oozes
  An adder zombie (D:5)
  An adder skeleton (D:4)
  2 worms
  3 dart slugs
  2 leopard geckos
  32 orcs
  3 ball pythons
  4 bats
  17 giant cockroaches
  8 goblins
  6 hobgoblins
  21 jackals
  5 quokkas
  7 frilled lizards
  12 kobolds
  A leopard gecko zombie (D:5)
  A quokka zombie (D:4)
  10 rats
244 creatures vanquished.

Vanquished Creatures (others)
  An adder (D:6)
1 creature vanquished.

Grand Total: 245 creatures vanquished

Notes
Turn   | Place    | Note
-------+----------+-------------------------------------------
     0 | D:1      | mihairusu the Hill Orc Berserker began the quest for the Orb.
     0 | D:1      | Reached XP level 1. HP: 19/19 MP: 1/1
     6 | D:1      | Noticed a swamp worm
     6 | D:1      | Noticed a swamp drake
     6 | D:1      | Noticed a komodo dragon
     6 | D:1      | Noticed a worker ant
   168 | D:1      | Reached XP level 2. HP: 18/27 MP: 2/2
   634 | D:1      | Reached ** piety under Trog
   667 | D:1      | Reached XP level 3. HP: 34/34 MP: 3/3
  1470 | D:2      | Reached XP level 4. HP: 41/41 MP: 4/4
  1802 | D:2      | Reached skill level 5 in Axes
  2033 | D:2      | Found a shattered altar of Ashenzari.
  2253 | D:2      | Reached XP level 5. HP: 37/47 MP: 5/5
  2270 | D:2      | Reached skill level 5 in Fighting
  2332 | D:2      | Reached skill level 1 in Throwing
  2674 | D:2      | Noticed Jessica
  2680 | D:2      | Killed Jessica
  2942 | D:3      | Reached *** piety under Trog
  3034 | D:3      | Noticed Purgy
  3049 | D:3      | Killed Purgy
  3049 | D:3      | Reached skill level 6 in Axes
  3049 | D:3      | Reached XP level 6. HP: 56/56 MP: 6/6
  3699 | D:3      | Reached **** piety under Trog
  4283 | D:4      | Reached XP level 7. HP: 50/61 MP: 7/7
  4695 | D:4      | Noticed Grinder
  4704 | D:4      | Paralysed by Grinder for 5 turns
  4716 | D:4      | Paralysed by Grinder for 4 turns
  4751 | D:4      | Killed Grinder
  4751 | D:4      | Reached skill level 7 in Axes
  4985 | D:4      | Received a gift from Trog
  5093 | D:4      | Noticed Menkaure
  5099 | D:4      | Killed Menkaure
  5099 | D:4      | Reached XP level 8. HP: 9/70 MP: 8/8
  5722 | D:4      | Reached skill level 8 in Axes
  5901 | D:5      | Entered Level 5 of the Dungeon
  6409 | D:5      | Found a large runed door.
  6415 | D:5      | Found a large runed door.
  6488 | D:5      | Found a large runed door.
  6488 | D:5      | Found a large runed door.
  6517 | D:5      | Reached skill level 9 in Axes
  6528 | D:5      | Reached skill level 5 in Armour
  6586 | D:5      | Found Qopadoats's Magic Scroll Emporium.
  6595 | D:5      | Bought a scroll of identify for 24 gold pieces
  6595 | D:5      | Bought a scroll of identify for 24 gold pieces
  6696 | D:5      | Reached XP level 9. HP: 77/78 MP: 9/9
  7577 | D:6      | Found Zin's Purification Station.
  7582 | D:6      | Found a glowing silver altar of Zin.
  7612 | D:6      | Found a glowing golden altar of the Shining One.
  7665 | D:6      | Reached skill level 10 in Axes
  7927 | D:6      | Noticed Pikel
  7944 | D:6      | Killed Pikel
  8199 | D:6      | Found a sacrificial altar of Ru.
  8287 | D:6      | Received a gift from Trog
  8318 | D:6      | Found a staircase to the Ecumenical Temple.
  8332 | D:6      | Noticed HANFGEIST's ghost (amateur DEWz)
  8341 | D:6      | Killed HANFGEIST's ghost
  8341 | D:6      | Reached skill level 11 in Axes
  8341 | D:6      | Reached XP level 10. HP: 88/88 MP: 10/10
  8419 | D:6      | Noticed Blork the orc
  8421 | D:6      | Killed Blork the orc
  8454 | D:6      | Reached skill level 5 in Dodging
  8642 | D:6      | Found Oxeelewile's Jewellery Shop.
  9011 | Temple   | Entered the Ecumenical Temple
  9105 | D:7      | Reached skill level 5 in Throwing
  9497 | D:7      | Found a stormy altar of Qazlal.
 10070 | D:8      | Reached skill level 12 in Axes
 10270 | D:8      | Noticed a queen ant
 10291 | D:9      | Noticed Erica
 10300 | D:9      | Killed Erica
 10392 | D:9      | Received a gift from Trog
 10494 | D:9      | HP: 4/91 [orc warrior/long sword (1)]
 10496 | D:9      | HP: 1/136 [orc/dagger (1)]
 10497 | D:9      | Slain by an unseen horror

Vault maps used:
D:1:      onia_arrival_zoo_common, minmay_misc_feat_cross
D:2:      nicolae_ashenzari_panopticon, kennysheep_jessica_study
D:3:      minmay_roachtagon, serial_bayou, serial_bayou_pond_a,
          serial_bayou_pond_e, serial_bayou_pond_a, serial_bayou_shore_b,
          first_ration, uniq_purgy, uniq_jessica
D:4:      cheibrodos_pilgrimage, serial_curves, eino_curves_02, eino_curves_04,
          uniq_menkaure, uniq_grinder
D:5:      serial_shops, shop, minmay_hollow_rounded_squares
D:6:      zin_purify, tso_metal_star, minmay_temple_entry_statues_pillars,
          serial_shops, nicolae_shop_crystal, hangedman_ru_absence, uniq_pikel,
          uniq_blork_the_orc
D:7:      minivault_11, minmay_statues_item, nicolae_qazlal_eye_of_the_storm
D:8:      lemuel_round_altar, minivault_26, zaba_anthell
D:9:      enter_bailey_3, basic_altar, hangedman_ranch, uniq_erica,
          uniq_maurice, uniq_prince_ribbit1
Temple:   hc_temple_tempest_star

Skill      XL: |  1  2  3  4  5  6  7  8  9 10 |
---------------+-------------------------------+-----
Fighting       | 4 5 6 8 9 |  9.1
Dodging        | 2 3 4 5 |  5.7
Axes           | 5 6 7 9 11 12 | 12.5
Throwing       | 1 2 3 4 5 |  5.6
Armour         | 3 4 5 6 7 |  7.2

Action                   |  1- 3 |  4- 6 |  7- 9 | 10-12 || total
-------------------------+-------+-------+-------+-------++-------
Melee: Hand axe          |    98 |   160 |   158 |   135 ||   551
       War axe           |       |    27 |       |       ||    27
       Scimitar          |       |       |       |    10 ||    10
 Fire: Blowgun           |       |     5 |       |       ||     5
Throw: Stone             |    11 |    23 |     4 |     5 ||    43
       Tomahawk          |       |    32 |     6 |       ||    38
       Javelin           |       |       |    57 |    38 ||    95
Invok: Berserk           |     3 |     7 |     7 |     4 ||    21
       Trog's Hand       |       |       |     1 |     3 ||     4
  Use: Scroll            |     4 |     3 |     9 |     7 ||    23
       Potion            |       |       |     1 |     4 ||     5
  Eat: Chunk             |     4 |    16 |    13 |     2 ||    35
       Ration            |       |       |     2 |     3 ||     5
Armor: Animal skin       |    25 |       |       |       ||    25
       Ring mail         |     2 |    35 |       |       ||    37
       Chain mail        |       |    86 |    99 |   152 ||   337
Dodge: Dodged            |    78 |   120 |    66 |    75 ||   339

Table legend:
 A = Spawn XP
 B = Non-spawn XP
 C = Spawn XP percentage of total XP
 D = Spawn monster count
 E = Non-spawn monster count
 F = Spawn count percentage of total count
 G = Total turns spent on level
                    A         B        C        D         E        F      G
               +---------+---------+-------+---------+---------+-------+---------
         Total |       0 |    8785 |   0.0 |       0 |     242 |   0.0 | 10497
               +---------+---------+-------+---------+---------+-------+---------
           D:1 |       0 |      60 |   0.0 |       0 |      30 |   0.0 |  1332
           D:2 |       0 |     202 |   0.0 |       0 |      30 |   0.0 |  1493
           D:3 |       0 |     275 |   0.0 |       0 |      46 |   0.0 |  1173
           D:4 |       0 |     946 |   0.0 |       0 |      26 |   0.0 |  1903
           D:5 |       0 |    1483 |   0.0 |       0 |      40 |   0.0 |  1664
           D:6 |       0 |    2516 |   0.0 |       0 |      31 |   0.0 |  1466
           D:7 |       0 |    1134 |   0.0 |       0 |      16 |   0.0 |   981
           D:8 |       0 |    1159 |   0.0 |       0 |      19 |   0.0 |   274
           D:9 |       0 |    1010 |   0.0 |       0 |       4 |   0.0 |   206
               +---------+---------+-------+---------+---------+-------+---------
